 Dungeon Sprint DCSS version 0.17-b1-15-g0f5fb43 (webtiles) character file.

13693 Kidiri the Tortoise (level 11, -1/126 HPs)
             Began as a Minotaur Fighter on Nov 3, 2015.
             Was a High Priest of Okawaru.
             Slain by an ice devil (9 damage)
             ... in the Dungeon (Sprint V: "Ziggurat Sprint").
             The game lasted 00:14:59 (1246 turns).

Kidiri the Tortoise (Minotaur Fighter)              Turns: 1246, Time: 00:14:59

Health: -1/126     AC: 39    Str: 37    XL:     11   Next: 78%
Magic:  1/7        EV: 13    Int:  8    God:    Okawaru [*****.]
Gold:   0          SH: 35    Dex: 12    Spells: 0 memorised, 10 levels left

rFire  + . .     SeeInvis +     b - +6 shillelagh "Devastator" {shatter}
rCold  . . .     Clarity  .     F - +15 Maxwell's patent armour {-Cast -Tele rElec MR+ rCorr}
rNeg   + + .     SustAt   .     G - +18 shield of the gong {rElec rN+ MR+ EV-5}
rPois  .         Gourm    .     J - +1 hat of Okawaru's Outrage {Dex+3}
rElec  +         Spirit   .     a - +1 cloak "Qimeq" {-Tele Int+3 SInv}
rCorr  +         Warding  .     (no gloves)
rMut   .         NoTele   +     (no boots)
MR     +++..     NoCast   +     H - amulet of Sierorir {+Blink +Rage rF+ rN+ MP-9}
Stlth  ..........               E - +6 ring of strength
                                D - +6 ring of strength

@: heroism, finesse, extremely resistant to hostile enchantments, extremely
unstealthy
A: retaliatory headbutt, horns 2, rugged brown scales 1, blurry vision 1, magic
resistance 1, sense surroundings 1, robust 1, spit poison 1
a: Spit Poison, Heroism, Finesse, Renounce Religion, Evoke Blink, Evoke Berserk
Rage


You were in the Dungeon.
You worshipped Okawaru.
Okawaru was extremely pleased with you.
You were hungry.

You visited 1 branch

Inventory:

Hand Weapons
 b - the +6 shillelagh "Devastator" (weapon) {shatter}
   (You found it in the Dungeon)
Armour
 a - the +1 cloak "Qimeq" (worn) {-Tele Int+3 SInv}
   (You found it in the Dungeon)

   It affects your intelligence (+3).
   It lets you see invisible.
   It prevents most forms of teleportation.
 F - the +15 Maxwell's patent armour (worn) {-Cast -Tele rElec MR+ rCorr}
   (You found it in the Dungeon)

   It insulates you from electricity.
   It affects your resistance to hostile enchantments.
   It prevents spellcasting.
   It prevents most forms of teleportation.
   It protects you from acid and corrosion.
 G - the +18 shield of the gong (worn) {rElec rN+ MR+ EV-5}
   (You found it in the Dungeon)

   It affects your evasion (-5).
   It insulates you from electricity.
   It protects you from negative energy.
   It affects your resistance to hostile enchantments.
 J - the +1 hat of Okawaru's Outrage (worn) {Dex+3}
   (Okawaru gifted it to you in the Dungeon)

   It affects your dexterity (+3).
Jewellery
 c - the amulet "Memajuda" {+Rage rElec Str-5 Dex+6}
   (You found it in the Dungeon)

   [amulet of rage]

   It affects your strength (-5).
   It affects your dexterity (+6).
   It insulates you from electricity.
   It lets you go berserk.
 o - an uncursed amulet of clarity
 D - a +6 ring of strength (left hand)
 E - a +6 ring of strength (right hand)
 H - the amulet of Sierorir (around neck) {+Blink +Rage rF+ rN+ MP-9}
   (You found it in the Dungeon)

   [amulet of rage]

   It protects you from fire.
   It protects you from negative energy.
   It affects your magic capacity (-9).
   It lets you blink.
   It lets you go berserk.
 I - an uncursed ring of see invisible
Wands
 y - a wand of disintegration (6)
 A - a wand of fire (5)
 B - a wand of cold (5)
 C - a wand of draining (5)
Scrolls
 k - 4 scrolls of blinking
 q - 4 scrolls of amnesia
 r - 3 scrolls of recharging
 s - 7 scrolls of fog
 t - a scroll of holy word
 u - 5 scrolls of identify
 v - 5 scrolls of remove curse
 w - 2 scrolls of fear
Potions
 d - 8 potions of might
 f - 9 potions of curing
 g - 8 potions of heal wounds
 h - 6 potions of haste
 i - 7 potions of magic
 j - 3 potions of berserk rage
 l - 2 potions of brilliance
 m - 2 potions of invisibility
 n - 4 potions of resistance
 p - 5 potions of agility
Comestibles
 e - 5 bread rations
 x - 42 fruits
 z - 4 meat rations


   Skills:
 * Level 15.1(20.1) Fighting
 * Level 14.9(19.9) Maces & Flails
 * Level 15.2(20.2) Armour
 * Level 13.7(18.7) Dodging
 * Level 15.1(20.1) Shields
 + Level 9.0 Invocations
 + Level 3.1 Evocations


You had 10 spell levels left.
You didn't know any spells.

Dungeon Overview and Level Annotations

Branches:
Dungeon (1/1)

Altars:
Ashenzari
Cheibriados
Dithmenos
Elyvilon
Fedhas
Gozag
Kikubaaqudgha
Makhleb
Nemelex Xobeh
Okawaru
Qazlal
Ru
Sif Muna
Trog
Vehumet
Xom
Yredelemnul
Zin
The Shining One
Beogh
Jiyva
Lugonu


Innate Abilities, Weirdness & Mutations

You reflexively headbutt those who attack you in melee.
You have a pair of horns on your head.
You are partially covered in rugged brown scales (AC +1, +3% HP).
Scrolls take you a little longer to read.
You are resistant to hostile enchantments.
You passively map a small area around you.
You are robust (+10% HP).
You can spit weak poison.


Message History

Drink which item? (? for menu, Esc to quit)
You can't drink that!
Drink which item? (? for menu, Esc to quit)
You feel much better.
You are engulfed in noxious fumes.
You feel less confused. Nesch gestures at you. You block the puff of flame.
BONNNG!
Xanihax hits you!!
* * * LOW HITPOINT WARNING * * *
You block Ziffeluimi's attack.
BONNNG!
The blizzard demon waves its arms in wide circles.
The air twists around and strikes you! The Brimstone Fiend closely misses you.
You block the Brimstone Fiend's attack.
GONNNNG!
The Brimstone Fiend hits you but does no damage.
The orange demon stings you but does no damage.
The ice devil hits you!
You die...

, * ▓▓▓▓▓▓▓▓▓▓▓▓
,▓...8©8...▓...8©8...▓.
* *
▓..=.::}=.▓.."==[)..▓.
▓..)}}))..▓..[:.=:..▓.
,▓.........▓.........▓.
▓....22...▓.........▓.
*
▓..43424..▓.........▓.
▓...&&13..▓.........▓.
,
▓..▓3@&▓..▓.........▓.
,
▓.▓..§&.▓.▓.▓.....▓.▓.
, , ,
▓...§§3...▓.........▓▓
▓▓▓▓▓▓▓▓▓▓▓▓▓▓▓▓▓▓▓▓▓ *
*** , ,,8 ,,,,, , , , ,
, , , , ,, ,, , ,


You could see Deqe, Nesch, Xanihax, Ziffeluimi, a Brimstone Fiend, a green
death, a blizzard demon, 2 soul eaters, an ice devil, a sun demon, a shadow
demon, an orange demon, a hellwing and a red devil.

Vanquished Creatures
  A vault warden (D)
  2 ettins (D)
  An eidolon (D)
  A vault guard (D)
  A hydra (D)
  An ice devil (D)
  5 ugly things (D)
  A sixfirhy (D)
  A smoke demon (D)
  A spiny frog (shapeshifter) (D)
  A yaktaur (D)
  A jumping spider (shapeshifter) (D)
  An ancient zyme (D)
  A wind drake (shapeshifter) (D)
  A polar bear (D)
  A jumping spider (D)
  A blink frog (shapeshifter) (D)
  2 air elementals (D)
  A ynoxinul (D)
  A large abomination (D)
  A spriggan (D)
  A deep elf fighter (D)
  A tarantella (D)
  2 yaks (D)
  2 neqoxecs (D)
  2 basilisks (shapeshifter) (D)
  2 wolves (D)
  3 insubstantial wisps (D)
  An ice beast (D)
  A black bear (D)
  A tengu (shapeshifter) (D)
  A giant frog (D)
  2 small abominations (D)
  3 scorpions (D)
  A crimson imp (D)
  2 orc priests (D)
  3 iron imps (D)
  A river rat (D)
  4 white imps (D)
  A shadow imp (D)
  An ufetubus (D)
  A jackal (D)
63 creatures vanquished.

Vanquished Creatures (others)
  A wind drake (D)
1 creature vanquished.

Grand Total: 64 creatures vanquished

Notes
Turn   | Place    | Note
--------------------------------------------------------------
     0 | D        | Kidiri the Minotaur Fighter began the quest for the Orb.
     0 | D        | Reached XP level 1. HP: 19/19 MP: 0/0
     0 | D        | Found a roughly hewn altar of Beogh.
     0 | D        | Found a viscous altar of Jiyva.
     0 | D        | Found a corrupted altar of Lugonu.
     0 | D        | Found a white marble altar of Elyvilon.
     0 | D        | Found a sparkling altar of Nemelex Xobeh.
     1 | D        | Found a burning altar of Makhleb.
     1 | D        | Found an iron altar of Okawaru.
     1 | D        | Found a deep blue altar of Sif Muna.
     1 | D        | Found a radiant altar of Vehumet.
     1 | D        | Found a bloodstained altar of Trog.
     1 | D        | Found a shimmering altar of Xom.
    75 | D        | Became a worshipper of Warmaster Okawaru
    76 | D        | Reached skill level 5 in Fighting
    76 | D        | Reached skill level 5 in Armour
    76 | D        | Reached skill level 5 in Shields
    76 | D        | Reached XP level 2. HP: 23/29 MP: 1/1
   144 | D        | Entered arena 1.
   144 | D        | Noticed an orc priest
   144 | D        | Noticed an orc priest
   146 | D        | Killed an orc priest
   146 | D        | Reached skill level 5 in Maces & Flails
   146 | D        | Reached XP level 3. HP: 18/37 MP: 2/2
   148 | D        | Killed an orc priest
   148 | D        | Reached skill level 6 in Fighting
   148 | D        | Reached skill level 1 in Invocations
   148 | D        | Reached XP level 4. HP: 22/44 MP: 3/3
   307 | D        | Entered arena 2.
   307 | D        | Noticed an ice beast
   307 | D        | Noticed a polar bear
   313 | D        | Killed an ice beast
   313 | D        | Reached * piety under Okawaru
   313 | D        | Reached skill level 7 in Fighting
   313 | D        | Reached skill level 5 in Dodging
   313 | D        | Reached XP level 5. HP: 28/52 MP: 3/5
   315 | D        | Killed a polar bear
   315 | D        | Reached ** piety under Okawaru
   315 | D        | Reached skill level 8 in Fighting
   315 | D        | Reached XP level 6. HP: 32/61 MP: 3/7
   325 | D        | Got the amulet "Memajuda" {+Rage rElec Str-5 Dex+6}
   461 | D        | Entered arena 3.
   461 | D        | Noticed a brown ugly thing
   461 | D        | Noticed a red ugly thing
   461 | D        | Noticed a basilisk
   461 | D        | Noticed a red ugly thing
   466 | D        | Killed a brown ugly thing
   466 | D        | Reached skill level 9 in Fighting
   466 | D        | Reached XP level 7. HP: 66/70 MP: 5/9
   469 | D        | Killed a basilisk
   469 | D        | Reached *** piety under Okawaru
   471 | D        | Killed a brown ugly thing
   471 | D        | Reached **** piety under Okawaru
   471 | D        | Reached skill level 10 in Fighting
   471 | D        | Reached skill level 10 in Maces & Flails
   471 | D        | Reached skill level 10 in Armour
   471 | D        | Reached skill level 10 in Shields
   471 | D        | Reached XP level 8. HP: 73/79 MP: 6/10
   472 | D        | Killed a red ugly thing
   472 | D        | Received a gift from Okawaru
   472 | D        | Reached skill level 5 in Invocations
   476 | D        | Gained mutation: You are robust (+10% HP). [mutagenic meat]
   477 | D        | Gained mutation: Armour fits poorly on your strangely shaped body. [mutagenic meat]
   479 | D        | Gained mutation: You are weak. (Str -2) [mutagenic meat]
   541 | D        | Entered arena 4.
   541 | D        | Noticed a wolf
   541 | D        | Noticed a spriggan
   541 | D        | Noticed a wolf
   541 | D        | Noticed a black bear
   545 | D        | Killed a wolf
   545 | D        | Reached skill level 11 in Armour
   547 | D        | Killed a spriggan
   547 | D        | Reached XP level 9. HP: 86/97 MP: 9/12
   547 | D        | Killed a wolf
   549 | D        | Killed a black bear
   549 | D        | Reached ***** piety under Okawaru
   655 | D        | Entered arena 5.
   655 | D        | Noticed a scorpion
   655 | D        | Noticed a scorpion
   655 | D        | Noticed a scorpion
   655 | D        | Noticed a tarantella
   655 | D        | Noticed a jumping spider
   659 | D        | Killed a tarantella
   659 | D        | Killed a scorpion
   659 | D        | Reached skill level 10 in Dodging
   659 | D        | Killed a scorpion
   661 | D        | Killed a scorpion
   664 | D        | Killed a jumping spider
   712 | D        | Entered arena 6.
   712 | D        | Noticed a yak
   712 | D        | Noticed a four-headed hydra
   712 | D        | Noticed a giant frog
   712 | D        | Noticed a yak
   715 | D        | Killed a giant frog
   716 | D        | Killed a yak
   720 | D        | Killed a four-headed hydra
   720 | D        | Reached skill level 12 in Fighting
   721 | D        | Killed a yak
   798 | D        | Entered arena 7.
   798 | D        | Noticed an air elemental
   798 | D        | Noticed an insubstantial wisp
   798 | D        | Noticed a wind drake
   798 | D        | Noticed an air elemental
   798 | D        | Noticed an insubstantial wisp
   798 | D        | Noticed an insubstantial wisp
   807 | D        | Killed an air elemental
   807 | D        | Reached XP level 10. HP: 99/108 MP: 5/13
   811 | D        | Killed an insubstantial wisp
   817 | D        | Killed a wind drake
   822 | D        | Killed an air elemental
   829 | D        | Killed an insubstantial wisp
   836 | D        | Killed an insubstantial wisp
   843 | D        | Got the amulet of Sierorir {+Blink +Rage rF+ rN+ MP-9}
   847 | D        | Entered arena 8.
   847 | D        | Noticed an ettin
   847 | D        | Noticed an ettin
   847 | D        | Noticed a deep elf fighter
   847 | D        | Noticed a vault warden
   847 | D        | Noticed a spiny frog
   847 | D        | Noticed a vault guard
   847 | D        | Noticed a yaktaur
   851 | D        | Killed a spiny frog
   856 | D        | Killed an ettin
   856 | D        | Reached skill level 13 in Fighting
   857 | D        | Killed a yaktaur
   859 | D        | Killed an ettin
   859 | D        | Received a gift from Okawaru
   865 | D        | Killed a deep elf fighter
   867 | D        | Killed a vault guard
   869 | D        | Killed a vault warden
   869 | D        | Reached ****** piety under Okawaru
   869 | D        | Reached skill level 14 in Fighting
   869 | D        | Reached XP level 11. HP: 96/121 MP: 5/16
   885 | D        | Gained mutation: Your spells are a little harder to cast, but a little more powerful. [mutagenic meat]
   954 | D        | Entered arena 9.
   954 | D        | Noticed a small abomination
   954 | D        | Noticed a crimson imp
   954 | D        | Noticed an iron imp
   954 | D        | Noticed an iron imp
   954 | D        | Noticed an iron imp
   961 | D        | Killed a small abomination
   965 | D        | Killed an iron imp
   965 | D        | Killed an iron imp
   966 | D        | Killed an iron imp
   967 | D        | Killed a crimson imp
  1034 | D        | Entered arena 10.
  1034 | D        | Noticed an eye of draining
  1034 | D        | Noticed a red ugly thing
  1034 | D        | Noticed a human
  1034 | D        | Noticed a jumping spider
  1034 | D        | Noticed a blink frog
  1034 | D        | Noticed a red ugly thing
  1034 | D        | Noticed a wind drake
  1034 | D        | Noticed a neqoxec
  1034 | D        | Noticed a neqoxec
  1034 | D        | an eye of draining changed into a basilisk
  1035 | D        | a human changed into a tengu
  1039 | D        | Killed a jumping spider
  1041 | D        | Lost mutation: Your spells are a little harder to cast, but a little more powerful. [a neqoxec]
  1043 | D        | Killed a blink frog
  1046 | D        | Killed a neqoxec
  1046 | D        | Reached skill level 1 in Evocations
  1047 | D        | Killed a red ugly thing
  1051 | D        | Killed a wind drake
  1051 | D        | Killed a cyan ugly thing
  1053 | D        | Killed a neqoxec
  1053 | D        | Received a gift from Okawaru
  1056 | D        | Got a heavily runed hat {god gift}
  1062 | D        | Identified the +1 hat of Okawaru's Outrage {Dex+3} (Okawaru gifted it to you in the Dungeon)
  1076 | D        | Gained mutation: Scrolls take you a little longer to read. [mutagenic meat]
  1077 | D        | Lost mutation: You are weak. (Str -2) [mutagenic meat]
  1078 | D        | Gained mutation: You passively map a small area around you. [mutagenic meat]
  1079 | D        | Gained mutation: You are partially covered in rugged brown scales (AC +1, +3% HP). [mutagenic meat]
  1080 | D        | Lost mutation: Armour fits poorly on your strangely shaped body. [mutagenic meat]
  1081 | D        | Gained mutation: You can spit weak poison. [mutagenic meat]
  1082 | D        | Gained mutation: You are resistant to hostile enchantments. [mutagenic meat]
  1126 | D        | Entered arena 11.
  1126 | D        | Noticed a large abomination
  1126 | D        | Noticed a small abomination
  1126 | D        | Noticed a ynoxinul
  1126 | D        | Noticed an ancient zyme
  1127 | D        | Noticed a smoke demon
  1127 | D        | Noticed an eidolon
  1127 | D        | Noticed an ice devil
  1129 | D        | Noticed a sixfirhy
  1135 | D        | Killed a sixfirhy
  1136 | D        | Killed a large abomination
  1137 | D        | Killed an ancient zyme
  1141 | D        | Killed an ice devil
  1144 | D        | Killed a small abomination
  1144 | D        | Reached skill level 15 in Armour
  1145 | D        | Killed an eidolon
  1145 | D        | Reached skill level 15 in Fighting
  1145 | D        | Reached skill level 15 in Shields
  1155 | D        | Killed a smoke demon
  1156 | D        | Killed a ynoxinul
  1164 | D        | Got the +1 cloak "Qimeq" {-Tele Int+3 SInv}
  1171 | D        | Got the ring "Tewasic" {*Contam rPois MR+ Int+6}
  1227 | D        | Entered arena 12.
  1227 | D        | Noticed Ziffeluimi the pandemonium lord
  1227 | D        | Noticed an ice devil
  1227 | D        | Noticed a soul eater
  1227 | D        | Noticed a green death
  1227 | D        | Noticed an orange demon
  1228 | D        | Noticed a hellwing
  1228 | D        | Noticed Xanihax the pandemonium lord
  1228 | D        | Noticed Nesch the pandemonium lord
  1228 | D        | Noticed a sun demon
  1228 | D        | Noticed Deqe the pandemonium lord
  1228 | D        | Noticed a red devil
  1230 | D        | Noticed a Brimstone Fiend
  1231 | D        | Noticed a blizzard demon
  1238 | D        | Noticed a shadow demon
  1239 | D        | Noticed a Shadow Fiend
  1244 | D        | Noticed a soul eater
  1245 | D        | HP: 6/126 [Deqe the pandemonium lord (25)]
  1246 | D        | Slain by an ice devil

Action                   |  1- 3 |  4- 6 |  7- 9 | 10-12 || total
-------------------------+-------+-------+-------+-------++-------
Melee: Shillelagh        |     2 |    13 |    31 |   112 ||   158
Invok: Heroism           |       |     1 |     4 |     4 ||     9
       Finesse           |       |       |     2 |     4 ||     6
 Abil: Spit Poison       |       |       |       |     1 ||     1
Evoke: Wand              |       |       |       |     1 ||     1
  Use: Potion            |     1 |       |       |     3 ||     4
  Eat: Chunk             |       |       |     4 |    10 ||    14
